 Dungeon Crawl Stone Soup version 0.29-a0-393-g47a863cc1b (webtiles) character file.

Game seed: 6501474844325690381

1115 AnimeWaifu the Cleaver (level 8, -2/68 HPs)
             Began as a Deep Dwarf Delver on May 10, 2022.
             Slain by an ogre
             ... wielding a +0 giant spiked club
              (5 damage)
             ... on level 6 of the Dungeon.
             The game lasted 00:08:15 (4718 turns).

AnimeWaifu the Cleaver (Deep Dwarf Delver)          Turns: 4718, Time: 00:08:16

Health: -2/68      AC: 10    Str: 17    XL:     8   Next: 12%
Magic:  7/7        EV:  7    Int: 12    God:
Gold:   311        SH:  0    Dex: 14    Spells: 7/7 levels left

rFire   . . .      SeeInvis .   o - +2 short sword (venom)
rCold   + . .      Faith    .   (no shield)
rNeg    . . .      Spirit   .   t - +0 chain mail
rPois   .          Reflect  .   q - +0 hat
rElec   .          Harm     .   (no cloak)
rCorr   .          Rampage  .   r - +1 pair of gloves
Will    +....                   (no boots)
Stlth   ..........              (no amulet)
HPRegen 0.00/turn               j - ring of protection from cold
MPRegen 0.10/turn               (no ring)

@: no status effects
A: damage resistance, heal wounds, sense surroundings 1, no regeneration
a: Heal Wounds


You were on level 6 of the Dungeon.
You visited 2 branches of the dungeon, and saw 7 of its levels.

You collected 311 gold pieces.

Inventory:

Hand Weapons
 a - a +1 hand axe
 o - a +2 short sword of venom (weapon)
Armour
 q - a +0 hat (worn)
 r - a +1 pair of gloves (worn)
 s - the +4 helmet of the Other World {rF- Will+ Dex+3 SInv}
   (You found it on level 2 of the Dungeon)

   Dex:       It affects your dexterity (+3).
   rF:        It makes you vulnerable to fire.
   SInv:      It lets you see invisible.
   Will:      It increases your willpower.
 t - a +0 chain mail (worn)
Jewellery
 j - a ring of protection from cold (left hand)
 l - an amulet of faith
Wands
 g - a wand of digging (3)
 k - a wand of paralysis (11)
 w - a wand of flame (30)
Scrolls
 c - 2 scrolls of fog
 d - a scroll of magic mapping
 e - 2 scrolls of fear
 i - 4 scrolls of teleportation
 p - a scroll of blinking
 u - 2 scrolls of enchant weapon
 x - a scroll of acquirement {unknown}
Potions
 b - a potion of heal wounds
 f - a potion of magic
 h - a potion of invisibility
 m - 2 potions of lignification
 n - 2 potions of brilliance
 v - a potion of haste


   Skills:
 - Level 2.6 Fighting
 + Level 10.7 Axes
 - Level 2.1 Dodging
 - Level 6.0 Stealth


You had 7 spell levels left.
You didn't know any spells.
Your spell library contained the following spells:

 Spells                   Type           Power      Damage    Failure   Level
 Animate Skeleton         Necr           0%         N/A       99%         1
 Apportation              Tloc           0%         N/A       99%         1
 Summon Small Mammal      Summ           0%         N/A       99%         1
 Call Canine Familiar     Summ           0%         N/A       100%        3
 Portal Projectile        Hex/Tloc       0%         N/A       100%        3
 Leda's Liquefaction      Hex/Erth       0%         N/A       100%        4


Dungeon Overview and Level Annotations

Branches:
Dungeon (6/15)             Temple (1/1) D:6

Altars:
Ashenzari
Dithmenos
Fedhas
Gozag
Hepliaklqana
Nemelex Xobeh
Qazlal
Sif Muna
Uskayaw
Xom
Yredelemnul

Shops:
D:4 :   D:6 :

Annotations:
D:5 exclusion: 2 goblins


Innate Abilities, Weirdness & Mutations

You are resistant to damage.
You can heal yourself by infusing magical energy.
You passively map a small area around you.
You do not regenerate.


Message History

The kobold hits you but does no damage.
You closely miss the kobold. The kobold barely misses you.
You hit the kobold.
You kill the kobold!
No target in view!
Things that are here:
a +0 whip; a +0 hand crossbow
Things that are here:
a +0 dagger; a stone
x - a scroll labelled QYUTIFRURY You hit the ogre.
The ogre is poisoned.
The ogre is lightly wounded.
The ogre hits you with a +0 giant club.
You hit the ogre.
The ogre is moderately wounded.
The ogre attacks as you move away! The ogre hits you with a +0 giant club!
The ogre attacks as you move away! The ogre barely misses you.
An ogre comes into view. It is wielding a +0 giant spiked club.
The ogre shouts!
The ogre looks more healthy.
An orc comes into view. It is wielding a +0 mace.
The orc shouts!
You hear a shout!
You hit the ogre.
The ogre is poisoned.
The ogre is severely wounded.
The ogre barely misses you. The ogre attacks as you move away!
The ogre hits you with a +0 giant club! The ogre attacks as you move away!
The ogre hits you with a +0 giant spiked club.
You kill the ogre!
The ogre barely misses you.
The orc suddenly curses.
You are too injured to fight recklessly!
You are too injured to fight recklessly!
You hit the ogre.
The ogre is moderately wounded.
The ogre hits you with a +0 giant spiked club!!
* * * LOW HITPOINT WARNING * * *
The ogre attacks as you move away!
The ogre hits you with a +0 giant spiked club.
You die...

######.######## *
##.#.#........###
..............#.###
###........##.....##
##.......#.####....###
..........o#####o....#
.............###.#....#
...........#..#.O# >..#
...........#...#@#.....#
#.#............#.....###
...#.............#.#.#
...####..........###
##..# ##.......###
##...##...#...## #
.#.....###..#
##..#..>.###..#
....##....##..#


You could see an ogre and an orc.

Vanquished Creatures
  Sigmund (D:2)
  A black bear (D:5)
  2 ogres
  A phantom (D:6)
  3 scorpions
  5 orc priests
  A hound (D:4)
  3 orc wizards (D:5)
  An iguana (D:4)
  9 adders
  A gnoll (D:1)
  A shadow imp (D:5)
  An ufetubus (D:5)
  2 worms
  A dart slug (D:2)
  13 orcs
  6 ball pythons
  9 endoplasms
  3 giant cockroaches
  4 goblins
  8 hobgoblins
  4 jackals (D:2)
  6 kobolds
  2 quokkas (D:3)
  4 bats
  2 frilled lizards (D:2)
  3 rats
97 creatures vanquished.

Notes
Turn   | Place    | Note
-------+----------+-------------------------------------------
     0 | D:5      | AnimeWaifu the Deep Dwarf Delver began the quest for the
                  | Orb.
     0 | D:5      | Reached XP level 1. HP: 20/20 MP: 1/1
    17 | D:5      | Noticed a black bear
    30 | D:5      | Killed a black bear
    31 | D:5      | Reached skill level 5 in Axes
    31 | D:5      | Reached XP level 2. HP: 17/27 MP: 2/2
    31 | D:5      | Reached XP level 3. HP: 21/33 MP: 3/3
    31 | D:5      | Reached XP level 4. HP: 26/40 MP: 4/4
   113 | D:4      | Noticed a scorpion
  1025 | D:2      | Reached XP level 5. HP: 31/46 MP: 4/4
  1104 | D:2      | Reached skill level 6 in Axes
  1204 | D:2      | Noticed Sigmund
  1209 | D:2      | Identified the +4 helmet of the Other World {rF- Will+
                  | Dex+3 SInv}
  1948 | D:3      | Found a hide-covered altar of Uskayaw.
  2143 | D:3      | Found a faded altar of an unknown god.
  2589 | D:4      | Reached skill level 7 in Axes
  2589 | D:4      | Reached XP level 6. HP: 40/55 MP: 5/5
  2886 | D:4      | Reached skill level 8 in Axes
  3065 | D:4      | Found Noxopp's Self-Improvement Boutique.
  3575 | D:2      | Killed Sigmund
  3576 | D:2      | Reached XP level 7. HP: 52/61 MP: 6/6
  3718 | D:5      | Reached skill level 9 in Axes
  3729 | D:5      | Found a shadowy altar of Dithmenos.
  4099 | D:5      | Reached skill level 10 in Axes
  4384 | D:6      | Found a staircase to the Ecumenical Temple.
  4401 | Temple   | Entered the Ecumenical Temple
  4640 | D:6      | Found Koymeo's Book Boutique.
  4665 | D:6      | Reached XP level 8. HP: 32/68 MP: 7/7
  4716 | D:6      | HP: 3/68 [ogre/+0 giant spiked club (20)]
  4718 | D:6      | Slain by an ogre

Illustrated notes

Levels and vault maps discovered:
D:1:      matt_arrival_spirals, layout_rooms
D:2:      layout_basic, uniq_sigmund
D:3:      layout_basic, mainiacjoe_overflow_catwalk,
          shapermc_ecumenical_altar_ellora, kennysheep_nondescript
D:4:      layout_basic, nicolae_shop_self_help
D:5:      layout_loops_cross, kennysheep_okawaru_gauntlet,
          nicolae_dithmenos_the_darkroom, minmay_strange_pillars, st_stairs_13,
          eino_tiny_chamber
D:6:      layout_cave_pools, minmay_temple_entry_wispy, serial_shops, shop,
          chequers_serial_rivers_large_b
Temple:   jpeg_temple_island

Skill      XL: |  1  2  3  4  5  6  7 |
---------------+----------------------+-----
Axes           | 5 7 8 10 | 10.7
Fighting       | |  2.6
Dodging        | |  2.1
Stealth        | |  6.0

Action                   |  1- 3 |  4- 6 |  7- 9 || total
-------------------------+-------+-------+-------++-------
Melee: Hand axe          |    10 |   229 |    10 ||   249
       Punch             |       |     1 |     3 ||     4
       Short sword       |       |    36 |    98 ||   134
 Abil: Heal Wounds       |       |     7 |     2 ||     9
  Use: Potion            |     1 |       |       ||     1
       Scroll            |       |    11 |     2 ||    13
 Stab: Sleeping          |       |     9 |       ||     9
Armor: Leather armour    |     5 |     3 |       ||     8
       Ring mail         |       |    35 |       ||    35
       Chain mail        |       |    40 |    63 ||   103
Dodge: Dodged            |    11 |   138 |    47 ||   196

Table legend: (Time is in decaauts)
 A = Elapsed time spent in this place.
 B = Non-inter-level travel time spent in this place.
 C = Inter-level travel time spent in this place.
 D = Time resting spent in this place.
 E = Time spent auto-exploring this place.
 F = Levels seen in this place.
 G = Mean time per level.
                   A        B        C        D        E       F      G
               +--------+--------+--------+--------+--------+-----+--------+
         Total |   4766 |   4516 |    250 |     24 |   3581 |   7 |  680.9 |
       Dungeon |   4520 |   4280 |    240 |     24 |   3350 |   6 |  753.3 |
        Temple |    246 |    236 |     10 |      0 |    231 |   1 |  246.0 |
               +--------+--------+--------+--------+--------+-----+--------+

Top non-repeatable levels by time:
     D:4: 1042 daAuts
     D:2: 966 daAuts
     D:3: 933 daAuts
     D:5: 809 daAuts
     D:1: 620 daAuts
  Temple: 246 daAuts
     D:6: 149 daAuts
